 Dungeon Crawl Stone Soup version 0.23.2-40-g277498a001 (webtiles) character file.

Game seed: 1914955336977594405

65 MalarOregon the Caller (level 4, 0/33 HPs)
             Began as a Merfolk Summoner on Aug 13, 2019.
             Killed by divine providence
             ... invoked by an orc priest
              (10 damage)
             ... on level 2 of the Dungeon.
             The game lasted 00:05:55 (2244 turns).

MalarOregon the Caller (Merfolk Summoner)           Turns: 2244, Time: 00:05:56

Health: 0/33       AC:  2    Str:  8    XL:     4   Next: 13%
Magic:  4/7        EV: 14    Int: 15    God:
Gold:   74         SH:  0    Dex: 14    Spells: 4/8 levels left

rFire    . . .     SeeInvis .   d - -3 hunting sling (curse)
rCold    . . .     Gourm    .   (no shield)
rNeg     . . .     Faith    .   a - +0 robe
rPois    .         Spirit   .   (no helmet)
rElec    .         Reflect  .   (no cloak)
rCorr    .         Harm     .   (no gloves)
MR       .....                  (no boots)
Stlth    ++........             (no amulet)
HPRegen  0.11/turn              (no ring)
MPRegen  0.10/turn              (no ring)

@: no status effects
A: change form in water, swift swim, stealthy swim
a: no special abilities


You were on level 2 of the Dungeon.
You were not hungry.

You visited 1 branch of the dungeon, and saw 2 of its levels.

You collected 74 gold pieces.

Inventory:

Hand Weapons
 d - a cursed -3 hunting sling (weapon)
   (You found it on level 1 of the Dungeon)
 i - a +1 dagger
   (You found it on level 1 of the Dungeon)
Missiles
 g - 3 stones (quivered)
Armour
 a - a +0 robe (worn)
Scrolls
 b - a scroll of teleportation {@r4}
 c - 2 scrolls of identify {@r1}
Comestibles
 e - 4 rations {!d}


   Skills:
 + Level 1.7 Fighting
 + Level 3.7 Dodging
 + Level 3.1 Stealth
 + Level 2.5 Spellcasting
 - Level 4.0 Summonings


You had 4 spell levels left.
You knew the following spells:

 Your Spells              Type           Power        Failure   Level  Hunger
a - Summon Small Mammal   Summ           ##..         4%          1    #......
c - Call Canine Familiar  Summ           ##......     12%         3    ###....

Your spell library contained the following spells:

 Spells                   Type           Power        Failure   Level  Hunger
 Call Imp                 Summ           ##......     6%          2    ###....
 Summon Guardian Golem    Hex/Summ       #.......     28%         3    ###....
 Summon Ice Beast         Ice/Summ       #.......     67%         4    #####..
 Summon Lightning Spire   Summ/Air       #.......     67%         4    #####..


Dungeon Overview and Level Annotations

Branches:
Dungeon (2/15)

Altars:

Annotations:
D:2 Jessica


Message History

The stone hits the orc priest but does no damage.
The orc priest closely misses you.
Firing (i - inventory)
g - 10 stones (quivered)
Aim: an orc priest, wearing a +0 leather armour You shoot a stone.
The stone closely misses the orc priest.
The orc priest begins to cast a cantrip, but forgets the words!
Firing (i - inventory)
g - 9 stones (quivered)
Aim: an orc priest, wearing a +0 leather armour You shoot a stone.
The stone hits the orc priest but does no damage.
The orc priest hits you but does no damage.
The orc priest hits you.
Firing (i - inventory)
g - 8 stones (quivered)
Aim: an orc priest, wearing a +0 leather armour You shoot a stone.
The stone barely misses the orc priest.
The orc priest hits you but does no damage.
Here: an orc priest, wearing a +0 leather armour 2 stones.
There is something else lying underneath.
The floor, spattered with blood.
The orc priest hits you.
Firing (i - inventory)
g - 7 stones (quivered)
Aim: an orc priest, wearing a +0 leather armour You shoot a stone.
The stone closely misses the orc priest.
Your hound bites the orc priest.
The orc priest hits you.
* * * LOW HITPOINT WARNING * * *
Firing (i - inventory)
g - 6 stones (quivered)
Aim: an orc priest, wearing a +0 leather armour (moderately wounded)
You shoot a stone.
The stone hits the orc priest but does no damage.
Your hound bites the orc priest.
The orc priest hits you.
* * * LOW HITPOINT WARNING * * *
Your hound closely misses the orc priest.
Firing (i - inventory)
g - 5 stones (quivered)
Aim: an orc priest, wearing a +0 leather armour (heavily wounded)
You shoot a stone. The stone barely misses the orc priest.
Your hound misses the orc priest. The orc priest barely misses you.
Your hound bites the orc priest.
Firing (i - inventory)
g - 4 stones (quivered)
Aim: an orc priest, wearing a +0 leather armour (almost dead)
You shoot a stone.
The stone hits the orc priest but does no damage.
Your hound closely misses the orc priest.
The orc priest closely misses you.
Your hound closely misses the orc priest.
The orc priest mumbles some strange prayers to Beogh against you.
Beogh smites you!
You die...

#.###.###...##.#.#
#.....# #...o...(#
####### #........#
#......#(#
########.# #(# #h#
#o# #@# ###


You could see an orc priest and a friendly hound.

Vanquished Creatures
  An adder (D:1)
  An ooze (D:1)
  A dart slug (D:1)
  2 orcs (D:2)
  7 bats
  3 giant cockroaches
  6 goblins
  6 hobgoblins (D:1)
  4 jackals (D:1)
  4 frilled lizards (D:1)
  3 kobolds
  3 rats
  A fungus (D:1)
42 creatures vanquished.

Vanquished Creatures (collateral kills)
  A worm (D:1)
1 creature vanquished.

Grand Total: 43 creatures vanquished

Notes
Turn   | Place    | Note
-------+----------+-------------------------------------------
     0 | D:1      | MalarOregon the Merfolk Summoner began the quest for the
                  | Orb.
     0 | D:1      | Reached XP level 1. HP: 13/13 MP: 3/3
   385 | D:1      | Reached XP level 2. HP: 20/20 MP: 5/5
   577 | D:1      | Reached skill level 1 in Fighting
   717 | D:1      | Reached XP level 3. HP: 23/26 MP: 6/6
  1263 | D:2      | Learned a level 3 spell: Call Canine Familiar
  1376 | D:2      | Noticed Jessica
  1923 | D:2      | Reached XP level 4. HP: 33/33 MP: 7/7
  2244 | D:2      | Killed from afar by an orc priest

Skill      XL: |  1  2  3 |
---------------+----------+-----
Dodging        | 3 |  3.7
Fighting       | 1 |  1.7
Stealth        | 3 |  3.1
Spellcasting   | |  2.5
Summonings     | |  4.0

Action                   |  1- 3 |  4- 6 || total
-------------------------+-------+-------++-------
Melee: Unarmed           |    10 |       ||    10
 Fire: Hunting sling     |   230 |    30 ||   260
 Cast: Summon Small Mamm |    10 |       ||    10
       Call Canine Famil |       |     1 ||     1
  Use: Scroll            |     3 |     1 ||     4
  Eat: Chunk             |     2 |     2 ||     4
Armor: Robe              |    28 |     2 ||    30
Dodge: Dodged            |   116 |     8 ||   124
